 Dungeon Crawl Stone Soup version 0.21-a0-496-g696f58f (webtiles) character file.

46353 Charly the Severer (level 14, -2/189 HPs)
             Began as a Minotaur Berserker on Nov 23, 2017.
             Was a High Priest of Trog.
             Slain by a naga warrior
             ... wielding a +0 long sword
              (6 damage)
             ... on level 1 of the Snake Pit on Nov 24, 2017.
             The game lasted 01:03:06 (4092 turns).

Charly the Severer (Minotaur Berserker)             Turns: 4092, Time: 01:03:07

Health: -2/189     AC: 28    Str: 30    XL:     14   Next: 4%
Magic:  13/13      EV: 23    Int: 10    God:    Trog [*****.]
Gold:   99         SH:  0    Dex: 26    Spells: 13/13 levels left

rFire    + + .     SeeInvis .   a - +8 executioner's axe of Fibimuoh {pain, rElec rF- Int+4 Dex+8}
rCold    x . .     Gourm    .   (shield currently unavailable)
rNeg     . . .     Faith    .   O - +5 fire dragon scales
rPois    .         Spirit   .   F - +2 hat
rElec    +         Reflect  .   j - scarf {rC+ rF+}
rCorr    .         Harm     .   i - +0 pair of gloves
MR       +....                  G - +2 pair of boots
Stlth    ..........             (no amulet)
HPRegen  0.41/turn              x - ring "Ugeacvoj" {+Inv rC- AC+4 Str+2}
MPRegen  0.13/turn              e - +4 ring of evasion

@: berserking, lethally poisoned (-2 -> -13), constricted, very quick
A: retaliatory headbutt, horns 2, talons 2, agile 2, blink, clever 1, subdued
magic 1
a: Blink, Berserk, Trog's Hand, Brothers in Arms, Burn Spellbooks, Renounce
Religion, Evoke Invisibility


You were on level 1 of the Snake Pit.
You worshipped Trog.
Trog was extremely pleased with you.
You were hungry.

You visited 4 branches of the dungeon, and saw 24 of its levels.
You also visited: Labyrinth, Bailey and Ice Cave.

You collected 99 gold pieces.

Inventory:

Hand Weapons
 a - the +8 executioner's axe of Fibimuoh (weapon) {pain, rElec rF- Int+4 Dex+8}
   (You acquired it on level 13 of the Dungeon)

   In the hands of one skilled in necromantic magic, it inflicts extra damage on
   living creatures.
   It affects your intelligence (+4).
   It affects your dexterity (+8).
   It makes you vulnerable to fire.
   It insulates you from electricity.
 b - a +4 executioner's axe of freezing
Missiles
 d - 7 javelins of penetration (quivered)
Armour
 i - a +0 pair of gloves (worn)
 j - a scarf of resistance (worn)
 u - a +0 troll leather armour
 y - a +0 large shield
 z - a cursed -2 shield
 F - a +2 hat (worn)
 G - a +2 pair of boots (worn)
 O - +5 fire dragon scales (worn)
Jewellery
 c - an uncursed ring of protection from cold
 e - a +4 ring of evasion (right hand)
 x - the ring "Ugeacvoj" (left hand) {+Inv rC- AC+4 Str+2}
   (You found it in a labyrinth)

   [ring of protection]

   It affects your AC (+4).
   It affects your strength (+2).
   It makes you vulnerable to cold.
   It lets you turn invisible.
 C - an uncursed ring of flight {unknown}
 I - an uncursed ring of positive energy {unknown}
 L - an uncursed ring of ice {unknown}
Wands
 m - a wand of digging (4)
 s - a wand of clouds (6)
 t - a wand of enslavement (4)
 B - a wand of acid (6)
Scrolls
 r - a scroll of immolation
 D - a scroll of teleportation
 H - a scroll of blinking
Potions
 h - a potion of curing
 l - a potion of resistance {unknown}
 n - a potion of flight
 o - 4 potions of might
 p - a potion of heal wounds
 v - 2 potions of magic
 w - a potion of mutation
 A - 2 potions of brilliance {unknown}
 E - 2 potions of agility {unknown}
Miscellaneous
 f - a phial of floods
 J - a phantom mirror
 M - a lamp of fire
Comestibles
 g - 2 meat rations
 q - 8 bread rations


   Skills:
 - Level 12.0 Fighting
 + Level 19.2 Axes
 - Level 12.0 Armour
 - Level 12.1 Dodging


You had 13 spell levels left.
You didn't know any spells.

Dungeon Overview and Level Annotations

Branches:
Dungeon (15/15)              Lair (6/6) D:11          Snake (1/4) Lair:3
  Slime (0/5) Lair:5          Orc (2/2) D:10            Elf (0/3) Orc:2
 Temple: D:4-7        Swamp: Lair:2-4    Shoals: Lair:2-4    Vaults: D:13-14
 Depths: D:15

Altars:
Ru
Jiyva

Annotations:
D:5 Dowan, Duvessa


Innate Abilities, Weirdness & Mutations

You reflexively headbutt those who attack you in melee.
You have a pair of horns on your head.
You have razor-sharp toenails.
You are very agile. (Dex +4)
You can translocate small distances at will.
Your mind is acute. (Int +2)
Your spells are a little easier to cast, but a little less powerful.


Message History

Unknown command.
Unknown command.
You slash the naga sharpshooter! You headbutt the naga sharpshooter!
The naga sharpshooter is severely wounded.
You closely miss the naga warrior.
You feel sick. The naga warrior spits poison at you.
The splash of poison hits you!
You are lethally poisoned!
* * * LOW HITPOINT WARNING * * *
The naga warrior constricts you.
Unknown command.
Unknown command.
You barely miss the naga sharpshooter.
The naga sharpshooter is severely wounded.
You closely miss the naga warrior.
* * * LOW HITPOINT WARNING * * *
You feel sick.
The naga sharpshooter shoots an arrow.
The arrow hits you.
* * * LOW HITPOINT WARNING * * *
The naga warrior hits you but does no damage.
You die...

#.. ....
#..##..#
.......#
. .....#
..
....##
#...
#...
....
#.N##..#
#((@NN.#
#)######
#.# ##
#.# .#
#.# .#
#.#
....# .#
#.#
#....#
.# #.#
#....#
.# #.#
#....#


You could see a naga warrior, a naga sharpshooter and a naga ritualist.

Vanquished Creatures
  Nessos (D:12)
  A minotaur (Lab)
  A rakshasa (D:14)
  5 hydras
  An anaconda (Snake:1)
  4 two-headed ogres
  A shock serpent (Snake:1)
  A naga sharpshooter (Snake:1)
  2 unseen horrors
  2 salamander mystics (Snake:1)
  2 orc knights (Orc:1)
  A necromancer (Lair:2)
  A deep elf mage (D:12)
  10 salamanders (Snake:1)
  A shining eye (shapeshifter) (D:14)
  A mana viper (Snake:1)
  A manticore (D:11)
  4 ugly things
  2 centaur zombies
  6 black mambas
  3 ice statues (IceCv)
  A torpor snail (Lair:6)
  7 spiny frogs
  2 naga magi (Snake:1)
  3 rime drakes (Lair:6)
  8 komodo dragons
  3 trolls
  A polar bear (Lair:6)
  12 blink frogs
  2 dream sheep (Lair:6)
  8 hippogriffs
  2 vampires (D:14)
  A wyvern (Lair:6)
  A yak (shapeshifter) (D:14)
  17 yaks
  4 basilisks
  9 nagas
  11 water moccasins
  3 porcupines
  A sky beast (D:14)
  4 orc warriors
  7 ice beasts
  2 ogres
  23 wolves
  2 centaurs
  6 crocodiles
  8 bullfrogs
  3 scorpions
  3 electric eels (Lair:5)
  4 hounds
  4 jellies
  4 orc priests
  2 bullfrog skeletons
  6 orc wizards
  A yak simulacrum (Lair:2)
  3 worker ants
  A howler monkey zombie (D:11)
  2 gnolls (Bailey)
  4 adders
  4 shadow imps
  A leopard gecko (D:11)
  10 orcs
  A giant cockroach (D:7)
  A goblin (Bailey)
  A hobgoblin (Bailey)
  8 jackals
  A kobold (D:2)
  A quokka (D:7)
  A frilled lizard (D:3)
  A rat (D:3)
  3 fungi
  3 plants
272 creatures vanquished.

Vanquished Creatures (collateral kills)
  A hydra (D:12)
  2 wolves (Lair:1)
  A wolf simulacrum (Lair:2)
4 creatures vanquished.

Vanquished Creatures (others)
  A shock serpent (Snake:1)
  A centaur (D:12)
  5 fungi
  3 plants
10 creatures vanquished.

Grand Total: 286 creatures vanquished

Notes
Turn   | Place    | Note
-------+----------+-------------------------------------------
     0 | D:1      | Charly the Minotaur Berserker began the quest for the Orb.
     0 | D:1      | Reached XP level 1. HP: 19/19 MP: 0/0
   151 | D:2      | res
   162 | D:3      | Reached skill level 4 in Axes
   167 | D:4      | Noticed a scorpion
   173 | D:4      | Killed a scorpion
   173 | D:4      | Reached skill level 5 in Axes
   173 | D:4      | Reached XP level 2. HP: 17/26 MP: 1/1
   173 | D:4      | Reached XP level 3. HP: 20/31 MP: 2/2
   209 | D:5      | Entered Level 5 of the Dungeon
   226 | D:5      | Noticed Dowan
   227 | D:5      | Noticed Duvessa
   232 | D:5      | Noticed an ogre
   276 | D:7      | Reached skill level 6 in Axes
   276 | D:7      | Reached XP level 4. HP: 18/39 MP: 3/3
   290 | D:8      | +4ev
   336 | D:8      | Noticed an ogre
   385 | D:8      | Noticed an orc warrior
   392 | D:8      | Killed an ogre
   392 | D:8      | Reached skill level 7 in Axes
   392 | D:8      | Reached XP level 5. HP: 31/45 MP: 4/4
   455 | D:7      | Reached XP level 6. HP: 35/52 MP: 5/5
   588 | D:10     | Entered Level 10 of the Dungeon
   623 | D:10     | Reached ** piety under Trog
   667 | D:10     | Noticed a two-headed ogre
   672 | D:10     | Killed a two-headed ogre
   672 | D:10     | Reached skill level 5 in Fighting
   672 | D:10     | Reached skill level 8 in Axes
   672 | D:10     | Reached XP level 7. HP: 62/62 MP: 6/6
   768 | D:11     | Reached XP level 8. HP: 70/70 MP: 7/7
   780 | D:11     | Reached skill level 5 in Dodging
   781 | D:11     | Reached skill level 9 in Axes
   797 | D:11     | Noticed a five-headed hydra
   876 | D:10     | Noticed a red ugly thing
   888 | D:10     | Killed a red ugly thing
   895 | D:10     | Gained mutation: You can translocate small distances at will. [mutagenic meat]
   896 | D:10     | Gained mutation: You are agile. (Dex +2) [mutagenic meat]
   897 | D:10     | Gained mutation: You are very agile. (Dex +4) [mutagenic meat]
   922 | D:10     | Found a staircase to the Orcish Mines.
   922 | D:10     | Noticed a two-headed ogre
   938 | D:10     | Killed a two-headed ogre
   938 | D:10     | Reached skill level 10 in Axes
   938 | D:10     | Reached XP level 9. HP: 59/81 MP: 8/8
   967 | Orc:1    | Entered Level 1 of the Orcish Mines
   981 | Orc:1    | Found a flagged portal.
   990 | Bailey   | Entered a bailey
  1023 | Bailey   | Noticed a kobold demonologist
  1025 | Bailey   | Found an iron altar of Okawaru.
  1025 | Bailey   | Noticed an orc knight
  1026 | Bailey   | Noticed an orc sorcerer
  1046 | Bailey   | Noticed a smoke demon
  1058 | Orc:1    | Killed an orc knight
  1058 | Orc:1    | Reached skill level 11 in Axes
  1058 | Orc:1    | Reached skill level 5 in Armour
  1087 | Orc:2    | Entered Level 2 of the Orcish Mines
  1087 | Orc:2    | Found a staircase to the Elven Halls.
  1087 | Orc:2    | Noticed an orc knight
  1109 | Orc:1    | Killed an orc knight
  1243 | Orc:2    | Found a labyrinth entrance.
  1252 | Lab      | Entered a labyrinth
  1308 | Lab      | Noticed a minotaur
  1315 | Lab      | Killed a minotaur
  1315 | Lab      | Reached skill level 12 in Axes
  1315 | Lab      | Reached XP level 10. HP: 89/89 MP: 9/9
  1330 | Lab      | Got a warped bone ring
  1333 | Lab      | Identified the ring "Ugeacvoj" {+Inv rC- AC+4 Str+2} (You found it in a labyrinth)
  1453 | D:11     | Noticed a manticore
  1462 | D:11     | Killed a manticore
  1504 | D:12     | Noticed a seven-headed hydra
  1517 | D:12     | Killed a seven-headed hydra
  1530 | D:11     | Reached skill level 13 in Axes
  1602 | D:12     | Noticed a deep elf mage
  1607 | D:12     | Killed a deep elf mage
  1614 | D:12     | Found a sacrificial altar of Ru.
  1665 | D:12     | Killed an unseen horror
  1665 | D:12     | Reached skill level 10 in Armour
  1683 | D:12     | Noticed Nessos
  1691 | D:12     | Reached *** piety under Trog
  1719 | D:12     | Killed Nessos
  1719 | D:12     | Reached XP level 11. HP: 51/97 MP: 10/10
  1759 | D:13     | Identified a scroll of acquirement
  1760 | D:13     | Got a jewelled executioner's axe
  1854 | D:13     | Noticed a two-headed ogre
  1858 | D:13     | Killed a two-headed ogre
  1900 | D:14     | Noticed a fire crab
  1922 | D:14     | Noticed a two-headed ogre
  1928 | D:14     | Killed a two-headed ogre
  1928 | D:14     | Reached skill level 10 in Fighting
  1949 | D:14     | Reached skill level 14 in Axes
  1957 | D:14     | Noticed a red ugly thing
  1958 | D:14     | Noticed a red ugly thing
  1980 | D:14     | Killed a red ugly thing
  1996 | D:14     | Identified the +8 executioner's axe of Fibimuoh {pain, rElec rF- Int+4 Dex+8} (You acquired it on level 13 of the Dungeon)
  2029 | D:15     | Entered Level 15 of the Dungeon
  2132 | D:14     | Noticed a rakshasa
  2139 | D:14     | Killed a rakshasa
  2155 | D:14     | Killed an unseen horror
  2155 | D:14     | Reached skill level 15 in Axes
  2191 | D:14     | Noticed a shining eye
  2191 | D:14     | a moth of wrath changed into a shining eye
  2197 | D:14     | Gained mutation: You are frail. (-10% HP) [a shining eye]
  2198 | D:14     | Gained mutation: Your spells are a little easier to cast, but a little less powerful. [a shining eye]
  2200 | D:14     | Killed a shining eye
  2203 | D:14     | Gained mutation: You tend to lose your temper in combat. [mutagenic meat]
  2204 | D:14     | Gained mutation: You are dopey. (Int -2) [mutagenic meat]
  2260 | D:11     | Found a staircase to the Lair.
  2273 | Lair:1   | Entered Level 1 of the Lair of Beasts
  2315 | Lair:1   | Noticed a six-headed hydra
  2341 | Lair:1   | Killed a six-headed hydra
  2341 | Lair:1   | Reached skill level 16 in Axes
  2344 | Lair:1   | Reached **** piety under Trog
  2357 | Lair:1   | Noticed a six-headed hydra
  2358 | Lair:1   | Reached XP level 12. HP: 61/95 MP: 11/11
  2397 | Lair:1   | Noticed an eight-headed hydra
  2429 | Lair:1   | Killed a six-headed hydra
  2566 | Lair:2   | Noticed a four-headed hydra
  2597 | Lair:2   | Killed a nine-headed hydra
  2597 | Lair:2   | Reached skill level 17 in Axes
  2627 | Lair:2   | Lost mutation: You are dopey. (Int -2) [potion of mutation]
  2627 | Lair:2   | Lost mutation: You tend to lose your temper in combat. [potion of mutation]
  2627 | Lair:2   | Lost mutation: You are frail. (-10% HP) [potion of mutation]
  2627 | Lair:2   | Lost mutation: You are very agile. (Dex +4) [potion of mutation]
  2627 | Lair:2   | Gained mutation: You have sharp toenails. [potion of mutation]
  2627 | Lair:2   | Gained mutation: Your mind is acute. (Int +2) [potion of mutation]
  2627 | Lair:2   | Gained mutation: You are very agile. (Dex +4) [potion of mutation]
  2627 | Lair:2   | Gained mutation: You have razor-sharp toenails. [potion of mutation]
  2794 | Lair:3   | Reached skill level 10 in Dodging
  2911 | Lair:3   | Found a staircase to the Snake Pit.
  2935 | Lair:3   | Noticed a five-headed hydra
  2941 | Lair:3   | Killed a seven-headed hydra
  3059 | Lair:5   | Reached ***** piety under Trog
  3105 | Lair:6   | Entered Level 6 of the Lair of Beasts
  3254 | Lair:6   | Noticed a five-headed hydra
  3259 | Lair:6   | Killed a seven-headed hydra
  3259 | Lair:6   | Reached XP level 13. HP: 109/116 MP: 12/12
  3285 | Lair:5   | Reached skill level 18 in Axes
  3430 | Lair:6   | Found a frozen archway.
  3439 | IceCv    | Entered an ice cave
  3695 | Lair:5   | Found a viscous altar of Jiyva.
  3695 | Lair:5   | Found a staircase to the Slime Pits.
  3823 | Snake:1  | Entered Level 1 of the Snake Pit
  3832 | Snake:1  | Received a gift from Trog
  3838 | Snake:1  | Got an iridescent broad axe {god gift}
  3839 | Snake:1  | Identified the +4 broad axe of Trog {elec, rF+ rC- Str+3} (Trog gifted it to you on level 1 of the Snake Pit)
  3934 | Snake:1  | Reached skill level 19 in Axes
  4051 | Snake:1  | Reached XP level 14. HP: 67/126 MP: 13/13
  4091 | Snake:1  | HP: 6/189 [naga warrior/long sword (6)]
  4092 | Snake:1  | Slain by a naga warrior

Vault maps used:
D:1:      lemuel_arrival_river_ford
D:2:      grunt_temple_overflow_order_and_chaos_1, kennysheep_generic_room_5
D:4:      old_standard_altar, minmay_shop_grid_forest, minivault_5,
          guppyfry_shop_venom, uniq_blork_the_orc
D:5:      minmay_temple_entry_hall, first_bread, uniq_duvessa
D:7:      serial_shops, shop
D:8:      gammafunk_temple_overflow_elements, uniq_joseph
D:9:      serial_shops, shop, serial_glass, glass_columns_a, glass_columns_a
D:10:     orc_0_dummy
D:11:     dpeg_oklobed_lair
D:12:     hangedman_ru_absence, uniq_nessos
D:13:     uniq_erolcha
D:14:     grunt_vaults_entry_tiered, enter_trove_5,
          infiniplex_staircase_9_rooms, uniq_josephine, uniq_frances
D:15:     gammafunk_enter_depths_forms, kennysheep_pointless_box
Lair:1:   beast_lair_carwin_large_1, minmay_lair_oklob_chamber
Lair:2:   eino_house_with_fridge, grunt_megastairs_5,
          infiniplex_staircase_pool_2
Lair:3:   minmay_snake_entry_guardpost_small, serial_bayou_shore_a
Lair:4:   minmay_swamp_entry_reptiles
Lair:5:   slime_altar_1, wad_woods_river_02, disabler_island
Lair:6:   guppyfry_lair_end_dragon, portal_ice_cave_rime
Snake:1:  cheibrodos_snake_lava_hold, uniq_rupert
Orc:1:    serial_shops, shop_fountains, enter_bailey_1
Orc:2:    grunt_orc_community_town_hall, grunt_orc_community_big_house_2,
          grunt_orc_community_big_house_1, grunt_orc_community_house_2,
          grunt_orc_community_house_2, grunt_orc_community_house_3,
          grunt_orc_community_house_1, grunt_orc_community_house_1,
          lab_entry_generic
Lab:      nicolae_lab_dead_adventurers
Bailey:   bailey_axe_of_yendor_kennysheep, bailey
IceCv:    ice_cave_statue_garden_chambered

Skill      XL: |  1  2  3  4  5  6  7  8  9 10 11 12 13 |
---------------+----------------------------------------+-----
Axes           | 5 6 7 8 10 12 13 16 17 19 | 19.2
Armour         | 3 4 8 10 11 12 | 12.0
Fighting       | 5 6 8 9 10 11 12 | 12.0
Dodging        | 4 7 8 10 12 | 12.1

Action                   |  1- 3 |  4- 6 |  7- 9 | 10-12 | 13-15 || total
-------------------------+-------+-------+-------+-------+-------++-------
Melee: Hand axe          |    15 |    17 |       |       |       ||    32
       Headbutt          |     2 |     4 |    31 |    79 |    63 ||   179
       War axe           |       |    17 |    62 |       |       ||    79
       Broad axe         |       |       |    36 |    98 |       ||   134
       Executioner's axe |       |       |       |   161 |   159 ||   320
       Morningstar       |       |       |       |    11 |       ||    11
Invok: Berserk           |     1 |     4 |     6 |     7 |     4 ||    22
       Trog's Hand       |       |       |     6 |     2 |     3 ||    11
       Burn Spellbooks   |       |       |       |     3 |       ||     3
Evoke: Phial of floods   |       |       |     1 |     1 |       ||     2
       Wand              |       |       |       |    24 |     2 ||    26
       Phantom mirror    |       |       |       |     1 |       ||     1
  Use: Potion            |     1 |       |     1 |     4 |     2 ||     8
       Scroll            |       |     7 |     1 |     9 |     8 ||    25
 Stab: Confused          |       |       |       |     1 |       ||     1
  Eat: Fruit             |     1 |       |       |       |       ||     1
       Royal jelly       |       |     2 |       |     1 |       ||     3
       Chunk             |       |       |     5 |    11 |     3 ||    19
       Meat ration       |       |       |     1 |       |     1 ||     2
       Bread ration      |       |       |     1 |       |       ||     1
Armor: Animal skin       |     2 |       |       |       |       ||     2
       Ring mail         |     6 |    14 |     6 |       |       ||    26
       Plate armour      |       |       |    15 |    94 |       ||   109
       Troll leather arm |       |       |       |    12 |       ||    12
       Chain mail        |       |       |       |    36 |    50 ||    86
       Fire dragon scale |       |       |       |       |    47 ||    47
Dodge: Dodged            |    15 |    27 |    80 |   290 |   269 ||   681

Table legend:
 A = Spawn XP
 B = Non-spawn XP
 C = Spawn XP percentage of total XP
 D = Spawn monster count
 E = Non-spawn monster count
 F = Spawn count percentage of total count
 G = Total turns spent on level
                    A         B        C        D         E        F      G
               +---------+---------+-------+---------+---------+-------+---------
         Total |       0 |   66219 |   0.0 |       0 |     271 |   0.0 |  4092
               +---------+---------+-------+---------+---------+-------+---------
           D:2 |       0 |       2 |   0.0 |       0 |       1 |   0.0 |   133
           D:3 |       0 |       6 |   0.0 |       0 |       4 |   0.0 |    13
           D:4 |       0 |      72 |   0.0 |       0 |       1 |   0.0 |    43
           D:5 |       0 |      13 |   0.0 |       0 |       1 |   0.0 |    32
           D:6 |       0 |       3 |   0.0 |       0 |       1 |   0.0 |    29
           D:7 |       0 |     129 |   0.0 |       0 |       4 |   0.0 |   149
           D:8 |       0 |     216 |   0.0 |       0 |       5 |   0.0 |    88
          D:10 |       0 |    2438 |   0.0 |       0 |      12 |   0.0 |   235
          D:11 |       0 |    1708 |   0.0 |       0 |      16 |   0.0 |   220
          D:12 |       0 |    3905 |   0.0 |       0 |      12 |   0.0 |   303
          D:13 |       0 |    1923 |   0.0 |       0 |       9 |   0.0 |   152
          D:14 |       0 |    5170 |   0.0 |       0 |      13 |   0.0 |   264
        Lair:1 |       0 |    5917 |   0.0 |       0 |      27 |   0.0 |   295
        Lair:2 |       0 |    3683 |   0.0 |       0 |      14 |   0.0 |   191
        Lair:3 |       0 |    5978 |   0.0 |       0 |      25 |   0.0 |   242
        Lair:4 |       0 |    3425 |   0.0 |       0 |      14 |   0.0 |   148
        Lair:5 |       0 |    1812 |   0.0 |       0 |      13 |   0.0 |   177
        Lair:6 |       0 |   10244 |   0.0 |       0 |      39 |   0.0 |   337
       Snake:1 |       0 |   13512 |   0.0 |       0 |      27 |   0.0 |   269
         Orc:1 |       0 |    1527 |   0.0 |       0 |       8 |   0.0 |   104
         Orc:2 |       0 |     427 |   0.0 |       0 |       7 |   0.0 |   160
           Lab |       0 |    1085 |   0.0 |       0 |       1 |   0.0 |    89
        Bailey |       0 |     168 |   0.0 |       0 |       6 |   0.0 |    60
         IceCv |       0 |    2856 |   0.0 |       0 |      11 |   0.0 |   160
               +---------+---------+-------+---------+---------+-------+---------
